 Dungeon Crawl Stone Soup version 0.28.0-53-g5a82cb258f (webtiles) character file.

Game seed: 535167825803647070

90640 cbfl8 the Fighter (level 15, -17/134 HPs)
             Began as a Demonspawn Berserker on July 17, 2022.
             Was a High Priest of Trog.
             Killed by an exploding seven-headed hydra (40 damage)
             ... ignited by their inner flame
             ... on level 6 of the Lair of Beasts.
             The game lasted 00:37:37 (27204 turns).

cbfl8 the Fighter (Demonspawn Berserker)           Turns: 27204, Time: 00:37:38

Health: -17/134    AC: 21    Str: 29    XL:     15   Next: 52%
Magic:  0/31       EV: 10    Int: 12    God:    Trog [*****.]
Gold:   2284       SH: 11    Dex: 16    Spells: 14/14 levels left

rFire   x . .      SeeInvis .   v - +12 spear "Obliych" {protect, *Slow Will+ Str+7}
rCold   + . .      Faith    .   z - +0 kite shield
rNeg    . . .      Spirit   +   W - +2 storm dragon scales
rPois   .          Reflect  .   (helmet unavailable)
rElec   +          Harm     .   a - +0 cloak
rCorr   .          Rampage  .   h - +0 pair of gloves
Will    +++..                   p - +0 pair of boots
Stlth   ..........              s - amulet of guardian spirit
HPRegen 0.32/turn               I - ring of Xyacox {+Blink Will+ MP+9}
MPRegen 0.22/turn               R - ring of ice

@: about to teleport, on berserk cooldown, slowed, very slow
A: horns 3, powered by pain 2, spiny 1, augmentation 1, big brain 2, robust 1
a: Renounce Religion, Evoke Blink, Berserk, Trog's Hand, Brothers in Arms


You were on level 6 of the Lair of Beasts.
You worshipped Trog.
Trog was extremely pleased with you.
You visited 3 branches of the dungeon, and saw 23 of its levels.
You also visited: Ossuary.

You collected 2444 gold pieces.
You spent 160 gold pieces at shops.

Inventory:

Hand Weapons
 q - a +2 battleaxe
 v - the +12 spear "Obliych" (weapon) {protect, *Slow Will+ Str+7}
   (You found it on level 5 of the Dungeon)

   It grants its wielder temporary protection when it strikes (+7 to AC).
   Str:       It affects your strength (+7).
   *Slow:     It may slow you when you take damage.
   Will:      It increases your willpower.
 U - the +1 scimitar "Demonbane" {freeze, Contam rF+++ MP+9 Dex+3}
   (You found it on level 12 of the Dungeon)

   It freezes those it strikes, dealing additional cold damage.
   It can also slow down cold-blooded creatures.
   Dex:       It affects your dexterity (+3).
   rF:        It renders you almost immune to fire.
   MP:        It affects your magic capacity (+9).
   Contam:    It causes magical contamination when unequipped.
 V - a +3 broad axe
Missiles
 B - 2 throwing nets (quivered)
Armour
 a - a +0 cloak (worn)
 h - a +0 pair of gloves (worn)
 p - a +0 pair of boots (worn)
 z - a +0 kite shield (worn)
 Q - a +0 plate armour
 W - +2 storm dragon scales (worn)
Jewellery
 e - a +4 ring of evasion
 s - an amulet of guardian spirit (around neck)
 C - an amulet of magic regeneration
 I - the ring of Xyacox (left hand) {+Blink Will+ MP+9}
   (You found it on level 8 of the Dungeon)

   [ring of magical power]

   MP:        It affects your magic capacity (+9).
   +Blink:    It lets you blink.
   Will:      It increases your willpower.
 J - a +6 ring of strength
 K - a +6 ring of strength
 M - an amulet of the acrobat
 R - a ring of ice (right hand)
 S - a ring of protection from cold
Wands
 b - a wand of digging (5)
 o - a wand of polymorph (2)
 t - a wand of flame (38)
 N - a wand of iceblast (10)
 T - a wand of mindburst (8)
Scrolls
 j - 2 scrolls of acquirement
 k - 6 scrolls of immolation
 n - 7 scrolls of enchant armour
 u - 3 scrolls of fog
 y - 2 scrolls of brand weapon
 A - 2 scrolls of teleportation
 E - 5 scrolls of enchant weapon
 G - a scroll of holy word
 L - 2 scrolls of blinking
 P - 2 scrolls of magic mapping
 X - 2 scrolls of summoning
 Y - a scroll of silence
 Z - a scroll of torment
Potions
 c - 4 potions of berserk rage
 g - 14 potions of curing
 i - 2 potions of mutation
 l - 5 potions of cancellation
 r - 7 potions of might
 w - a potion of lignification
 x - a potion of resistance {unknown}
 D - 2 potions of heal wounds
 F - 3 potions of flight
 H - 2 potions of invisibility
Miscellaneous
 d - a box of beasts
 f - a piece from Xom's chessboard (15/15)
 m - a box of beasts
 O - a condenser vane


   Skills:
 * Level 12.8 Fighting
 + Level 3.0 Long Blades
 + Level 6.8(10.4) Axes
 + Level 12.2(12.9) Polearms
 + Level 11.5 Armour
 + Level 5.6 Dodging
 + Level 2.9 Stealth
 + Level 7.3 Shields
 - Level 10.0 Invocations
 * Level 10.8 Evocations


You had 14 spell levels left.
You didn't know any spells.
Your spell library was empty.

Dungeon Overview and Level Annotations

Branches:
Dungeon (15/15)            Temple (0/1) D:5            Lair (6/6) D:8
  Swamp (0/4) Lair:2        Snake (0/4) Lair:2        Slime (0/5) Lair:5
    Orc (2/2) D:9             Elf (0/3) Orc:2        Vaults (0/5) D:13
 Depths (0/4) D:15        Ossuary (visited)

Altars:
Cheibriados
Nemelex Xobeh
Vehumet
Xom
Jiyva

Shops:
D:7 ?   D:8 ([(   D:11 :   Orc:1 :   Orc:2 *=[?

Annotations:
D:6 1 runed translucent door, nonceun's ghost, novice MiBe


Innate Abilities, Weirdness & Mutations

You have a pair of large horns on your head.
You sometimes gain power by taking damage.
You are partially covered in sharp spines.
Your magical and physical power is slightly enhanced at high health.
You have an extremely huge brain. (Int +4)
You are robust. (+10% HP)


Message History

Flame seeps out of the cane toad.
The cane toad is almost dead.
The fiery explosion engulfs the yak!!
The yak's corpse dissolves into shadows!
The yak explodes!
The fiery explosion engulfs the cane toad!!
The cane toad's corpse dissolves into shadows!
The fiery explosion engulfs the yak!!
Flame seeps out of the yak.
The yak is almost dead.
The fiery explosion engulfs the death yak!!!
The death yak's corpse dissolves into shadows!
The death yak explodes!
The tree burns like a torch!
The fiery explosion engulfs the yak!!
The yak's corpse dissolves into shadows!
The fiery explosion engulfs the death yak!!!
The death yak's corpse dissolves into shadows!
The death yak explodes!
The tree burns like a torch!
The fiery explosion engulfs you! The fire burns you terribly!
* * * LOW HITPOINT WARNING * * *
The yak explodes!
The tree burns like a torch!
The fiery explosion engulfs the wolf!!
Flame seeps out of the wolf.
The wolf is almost dead.
The cane toad explodes!
The tree burns like a torch!
The black bear explodes!
The fiery explosion engulfs the wolf!!
Trog accepts your kill.
The wolf explodes!
The tree burns like a torch!
The seven-headed hydra explodes!
The fiery explosion engulfs the death yak!!!
The death yak's corpse dissolves into shadows!
The fiery explosion engulfs the polar bear!!
Flame seeps out of the polar bear.
The polar bear is severely wounded.
The tree burns like a torch!
The fiery explosion engulfs you!!! The fire burns you terribly!
You die...

....♣ ♣k♣
♣........
....g♣♣♣♣gl
♣♣........
......♣i{
♣..#......
..§§§♣y♣
♣.........
♣♣§§§§Yw♣♣
♣.........
♣§§§§§§h§♣
♣♣♣##...#..
♣§§§§°§§♣
♣.♣.....#..
♣§§§§§○§♣
♣..........
♣§@§§♣
♣.♣....##..
♣♣♣.♣♣
♣.♣♣♣......
♣.♣♣♣ .♣
♣..##..
♣♣..♣♣.♣
♣♣♣....
♣.....♣
♣#..†.
♣♣...♣♣
♣.....
♣♣...♣
♣♣....
♣♣..♣ ♣....
♣♣♣♣♣♣..♣♣
♣....


You could see a torpor snail (summoned, inner flame), a polar bear (inner
flame), a yak (summoned, inner flame), a basilisk (summoned, inner flame), a
hornet (inner flame), a spriggan (inner flame) and 2 boggarts.

Vanquished Creatures
  2 acid blobs (Lair:5)
  Gastronok (D:9)
  Kirke (Lair:6)
  A dire elephant (D:15)
  An ettin (D:13)
  Fannar (D:12)
  3 boulder beetles
  4 vault guards (D:13)
  Erolcha (D:12)
  5 hydras
  3 ogre magi
  The ghost of Diggabert the Spear-Bearer, a journeyman VSGl of Dithmenos (D:12)
  A centaur warrior (D:14)
  2 tengu warriors (D:14)
  14 two-headed ogres
  12 slime creatures
  Urug (Orc:1)
  Nergalle (D:12)
  2 deep trolls (Orc:2)
  2 phantasmal warriors (D:13)
  A flayed ghost (D:13)
  A wolf spider (D:15)
  An oklob plant (Lair:1)
  2 orc knights
  3 deep elf pyromancers
  10 ugly things
  4 orc sorcerers
  4 manticores
  A salamander (D:15)
  7 elephants
  5 cyclopes
  3 centaur zombies
  8 black mambas
  2 gargoyles
  3 rime drakes
  An unseen horror (D:10)
  A freezing wraith (D:15)
  12 cane toads
  Psyche (D:9)
  A kobold demonologist (D:12)
  An efreet (D:14)
  12 komodo dragons
  2 tengu conjurers
  18 trolls
  A tyrant leech (Lair:2)
  4 hornets (Lair:6)
  A troll (shapeshifter) (D:14)
  3 polar bears
  14 blink frogs
  A dream sheep (Lair:4)
  8 spriggans (Lair:6)
  A wraith (D:12)
  3 hogs (Lair:6)
  7 basilisks
  10 wyverns
  Grum (D:8)
  2 humans (D:13)
  18 yaks
  3 vampire mosquitoes
  7 wargs
  2 nagas (Lair:2)
  Menkaure (D:7)
  A swamp worm (Lair:2)
  Edmund (D:4)
  An acid dragon (D:12)
  17 water moccasins
  An ice beast (D:6)
  13 orc warriors
  A sky beast (D:7)
  6 black bears
  4 necrophages
  A boggart (Lair:6)
  26 wolves
  20 ogres
  4 centaurs
  2 phantoms
  13 bullfrogs
  A kobold brigand (D:10)
  7 scorpions
  A gnoll sergeant (D:11)
  A water moccasin zombie (D:5)
  6 killer bees (D:7)
  4 wights (D:9)
  An electric eel (Lair:4)
  3 howler monkeys
  2 bullfrog zombies
  A bullfrog skeleton (D:6)
  A jelly (D:6)
  A gnoll shaman (D:8)
  3 hounds
  A centaur skeleton (D:4)
  15 orc priests
  8 iguanas
  13 orc wizards
  13 hell rats
  A hound skeleton (D:4)
  8 mummies (Ossuary)
  A howler monkey zombie (D:10)
  7 adders
  7 gnolls
  2 shadow imps
  A white imp (D:7)
  A worm (D:3)
  3 dart slugs
  39 orcs
  4 bats
  3 endoplasms (D:2)
  7 giant cockroaches
  2 gnoll zombies (Ossuary)
  8 goblins
  4 hobgoblins (D:1)
  3 kobolds
  2 quokkas
  7 ball pythons
  3 frilled lizards
  3 hobgoblin zombies (Ossuary)
  A kobold zombie (Ossuary)
  2 orc zombies (Ossuary)
  3 rats
  3 butterflies (D:12)
568 creatures vanquished.

Vanquished Creatures (collateral kills)
  A boulder beetle (D:13)
  The ghost of DocClef the Magician, a novice GnAE of Gozag (D:7)
  A cyclops (D:13)
  An efreet (D:13)
  An orc warrior (Orc:1)
  2 orc wizards
  A killer bee zombie (D:7)
  A howler monkey skeleton (D:7)
  2 orcs (Orc:1)
11 creatures vanquished.

Vanquished Creatures (others)
  38 fungi
  22 plants
60 creatures vanquished.

Grand Total: 639 creatures vanquished

Notes
Turn   | Place    | Note
-------+----------+-------------------------------------------
     0 | D:1      | cbfl8 the Demonspawn Berserker began the quest for the Orb.
     0 | D:1      | Reached XP level 1. HP: 18/18 MP: 1/1
   163 | D:1      | Gained mutation: You are partially covered in sharp spines.
                  | [demonic ancestry]
   163 | D:1      | Reached XP level 2. HP: 23/24 MP: 2/2
   993 | D:2      | Gained mutation: You have a pair of small horns on your
                  | head. [demonic ancestry]
   993 | D:2      | Reached XP level 3. HP: 28/29 MP: 3/3
  1124 | D:2      | Reached ** piety under Trog
  1817 | D:3      | Gained mutation: You have a pair of horns on your head.
                  | [demonic ancestry]
  1817 | D:3      | Reached XP level 4. HP: 28/36 MP: 4/4
  1919 | D:3      | Found a faded altar of an unknown god.
  2367 | D:4      | Noticed Edmund
  2377 | D:4      | Killed Edmund
  2378 | D:4      | Reached skill level 1 in Stealth
  2378 | D:4      | Gained mutation: You have an unusually large brain. (Int
                  | +2) [demonic ancestry]
  2378 | D:4      | Reached XP level 5. HP: 42/42 MP: 5/5
  2693 | D:4      | Reached XP level 6. HP: 40/48 MP: 6/6
  3018 | D:5      | Entered Level 5 of the Dungeon
  3087 | D:5      | Reached skill level 5 in Axes
  3315 | D:5      | Identified the +12 spear "Obliych" {protect, *Slow Will+
                  | Str+7}
  3331 | D:5      | Reached XP level 7. HP: 54/54 MP: 7/7
  3377 | D:5      | Found a staircase to the Ecumenical Temple.
  3837 | D:6      | Gained mutation: You sometimes gain a little power by
                  | taking damage. [demonic ancestry]
  3837 | D:6      | Reached XP level 8. HP: 51/61 MP: 8/8
  3962 | D:6      | Reached skill level 1 in Polearms
  4158 | D:6      | Found a runed translucent door.
  4159 | D:6      | Noticed nonceun's ghost (novice MiBe)
  4284 | D:6      | Reached skill level 5 in Armour
  4287 | D:6      | Reached *** piety under Trog
  4330 | D:6      | Reached skill level 5 in Fighting
  4743 | D:6      | Reached skill level 1 in Shields
  4789 | D:6      | Reached skill level 1 in Evocations
  4789 | D:6      | Gained mutation: You have an extremely huge brain. (Int +4)
                  | [demonic ancestry]
  4789 | D:6      | Reached XP level 9. HP: 68/68 MP: 9/9
  5580 | D:7      | Found a transporter.
  5584 | D:7      | Noticed a troll
  5585 | D:7      | Noticed DocClef's ghost (novice GnAE)
  5587 | D:7      | Noticed Menkaure
  5589 | D:7      | Found Hophov's Magic Scroll Shoppe.
  5593 | D:7      | Killed Menkaure
  5604 | D:7      | Bought a scroll of identify for 32 gold pieces
  5778 | D:7      | You fall into a shaft and drop 3 floors!
  5778 | D:10     | Entered Level 10 of the Dungeon
  5792 | D:10     | Identified 2 scrolls of acquirement
  5895 | D:10     | Noticed a troll
  5959 | D:9      | Noticed a troll
  5968 | D:9      | Killed a troll
  6095 | D:9      | Noticed a cyclops
  6104 | D:9      | Killed a cyclops
  6105 | D:9      | Reached skill level 5 in Polearms
  6176 | D:9      | Noticed a two-headed ogre
  6184 | D:9      | Killed a two-headed ogre
  6185 | D:9      | Gained mutation: You have a pair of large horns on your
                  | head. [demonic ancestry]
  6185 | D:9      | Reached XP level 10. HP: 47/77 MP: 8/10
  6574 | D:9      | Noticed Gastronok
  6594 | D:9      | Killed Gastronok
  6770 | D:8      | Found Xoarineo's Weapon Emporium.
  6804 | D:8      | Found Ocwa's Weapon Emporium.
  6828 | D:8      | Found Eghel's Armour Boutique.
  6969 | D:8      | Noticed Grum
  6988 | D:8      | Killed Grum
  7014 | D:8      | Found a sand-covered staircase.
  7021 | Ossuary  | Entered an ossuary
  7059 | Ossuary  | Reached **** piety under Trog
  7348 | D:8      | Reached skill level 5 in Evocations
  7411 | D:8      | Found a staircase to the Lair.
  7461 | D:8      | Identified the ring of Xyacox {+Blink Will+ MP+9}
  7867 | D:7      | Found a transporter.
  8183 | D:7      | Reached XP level 11. HP: 84/84 MP: 11/11
  8196 | D:7      | Reached skill level 1 in Invocations
  8208 | D:7      | Killed DocClef's ghost
  8362 | D:9      | Found a staircase to the Orcish Mines.
  8362 | D:9      | Noticed Psyche
  8370 | D:9      | Killed Psyche
  9063 | D:10     | Found a snail-covered altar of Cheibriados.
  9540 | D:10     | Noticed a two-headed ogre
  9554 | D:10     | Killed a two-headed ogre
  9764 | D:11     | Found a sparkling altar of Nemelex Xobeh.
  9795 | D:11     | Noticed a boulder beetle
  9812 | D:11     | Killed a boulder beetle
  9958 | D:11     | Noticed a two-headed ogre
  9963 | D:11     | Killed a two-headed ogre
 10105 | D:11     | Found Udosto's Book Boutique.
 10275 | D:11     | Noticed a two-headed ogre
 10281 | D:11     | Killed a two-headed ogre
 10378 | D:11     | Noticed a two-headed ogre
 10386 | D:11     | Killed a two-headed ogre
 10898 | D:12     | Noticed Erolcha
 10904 | D:12     | Killed Erolcha
 10961 | D:12     | Noticed a two-headed ogre
 10968 | D:12     | Killed a two-headed ogre
 10969 | D:12     | Gained mutation: You sometimes gain power by taking damage.
                  | [demonic ancestry]
 10969 | D:12     | Reached XP level 12. HP: 86/94 MP: 15/15
 11389 | D:12     | Reached skill level 5 in Invocations
 11586 | D:12     | Noticed Nergalle
 11596 | D:12     | Killed Nergalle
 11777 | D:12     | Noticed Fannar
 11789 | D:12     | Killed Fannar
 12192 | D:12     | Found a runed translucent door.
 12199 | D:12     | Found a runed translucent door.
 12376 | D:12     | Found a runed translucent gate.
 12376 | D:12     | Found a runed translucent gate.
 12377 | D:12     | Noticed a nine-headed hydra
 12377 | D:12     | Noticed an 11-headed hydra
 12378 | D:12     | Found a runed translucent gate.
 12378 | D:12     | Noticed Diggabert's ghost (journeyman VSGl)
 12887 | D:12     | Killed an 11-headed hydra
 12891 | D:12     | Killed a nine-headed hydra
 12906 | D:12     | Killed Diggabert's ghost
 13210 | D:12     | Identified the +1 scimitar "Demonbane" {freeze, Contam
                  | rF+++ MP+9 Dex+3}
 13397 | D:13     | Noticed a boulder beetle
 13404 | D:13     | Killed a boulder beetle
 13457 | D:13     | Noticed a vault guard
 13495 | D:13     | Noticed an ettin
 14733 | D:13     | Killed an ettin
 14968 | D:13     | Reached skill level 1 in Long Blades
 15135 | D:13     | Noticed a vault guard
 15162 | D:13     | Killed a vault guard
 15163 | D:13     | Reached skill level 5 in Shields
 15163 | D:13     | Reached XP level 13. HP: 101/101 MP: 18/18
 15327 | D:13     | Gained mutation: You are robust. (+10% HP) [mutagenic glow]
 15934 | D:13     | Found a gate to the Vaults.
 16396 | D:13     | Identified the +2 dagger of the Badger {pain, rC+++ rN+
                  | Int-4}
 16450 | D:14     | Reached skill level 10 in Fighting
 16474 | D:14     | Reached skill level 10 in Polearms
 16995 | D:14     | Reached skill level 10 in Armour
 17214 | D:14     | Found a radiant altar of Vehumet.
 17552 | D:15     | Entered Level 15 of the Dungeon
 18511 | D:15     | Found a staircase to the Depths.
 18511 | D:15     | Noticed a dire elephant
 18519 | D:15     | Killed a dire elephant
 18534 | D:15     | Reached XP level 14. HP: 122/122 MP: 20/20
 18876 | Orc:1    | Entered Level 1 of the Orcish Mines
 19102 | Orc:1    | Found a shimmering altar of Xom.
 19362 | Orc:2    | Entered Level 2 of the Orcish Mines
 19397 | Orc:2    | Found a staircase to the Elven Halls.
 19905 | Orc:1    | Noticed Urug
 19913 | Orc:1    | Killed Urug
 19922 | Orc:1    | Found Zeresch's Book Shop.
 20600 | Orc:2    | Reached skill level 5 in Dodging
 20849 | Orc:2    | Reached skill level 10 in Invocations
 20902 | Orc:2    | Found Meelecwu's Antique Armour Shoppe.
 20908 | Orc:2    | Found Ugamig's Magic Scroll Shop.
 21008 | Orc:2    | Found Wepoiziy's General Store.
 21046 | Orc:2    | Found Ukuf's Jewellery Emporium.
 21398 | Orc:2    | Bought a scroll of identify for 32 gold pieces
 21398 | Orc:2    | Bought a scroll of identify for 32 gold pieces
 21529 | D:7      | Bought a scroll of identify for 32 gold pieces
 21529 | D:7      | Bought a scroll of identify for 32 gold pieces
 21600 | Lair:1   | Entered Level 1 of the Lair of Beasts
 22754 | Lair:2   | Found a staircase to the Snake Pit.
 23106 | Lair:2   | Reached ***** piety under Trog
 23598 | Lair:2   | Found a staircase to the Swamp.
 24081 | Lair:3   | Reached skill level 10 in Evocations
 24706 | Lair:4   | Gained mutation: Your magical and physical power is
                  | slightly enhanced at high health. [demonic ancestry]
 24706 | Lair:4   | Reached XP level 15. HP: 132/132 MP: 22/22
 24988 | Lair:4   | You fall into a shaft and drop 2 floors!
 24988 | Lair:6   | Entered Level 6 of the Lair of Beasts
 25059 | Lair:6   | Noticed Kirke
 25076 | Lair:6   | Killed Kirke
 25248 | Lair:5   | Found a runed translucent door.
 25249 | Lair:5   | Found a viscous altar of Jiyva.
 25249 | Lair:5   | Noticed an acid blob
 25958 | Lair:5   | Noticed an acid blob
 25960 | Lair:5   | Found a staircase to the Slime Pits.
 26247 | Lair:5   | Killed an acid blob
 26254 | Lair:5   | Killed an acid blob
 26467 | Lair:6   | Received a gift from Trog
 27204 | Lair:6   | Killed by an exploding seven-headed hydra... ignited by
                  | their inner flame

Illustrated notes

Levels and vault maps discovered:
D:1:      arrival_zaba_pyramid, layout_basic, minmay_tree_intersection,
          minmay_tall_x
D:2:      layout_loops_cross
D:3:      layout_loops_ring, shapermc_ecumenical_altar_flowoftime
D:4:      layout_rooms, uniq_edmund
D:5:      layout_basic, temple_pool_b
D:6:      layout_layer_cave, gammafunk_ghost_grave, grunt_ministairs_14,
          hangedman_abyss_or_decor_lesser_grid
D:7:      layout_loops_ring, serial_shops, shop, nzn_ghost_randoct,
          uniq_menkaure
D:8:      layout_loops_cross, minmay_lair_entry_grove, serial_shops, shop,
          nicolae_shop_hallway_stairs, shop,
          lightli_ossuary_entry_decrepit_ruins, uniq_grum
D:9:      layout_layer_cave, david_orc_3, lemuel_old_faithful, uniq_gastronok,
          uniq_psyche
D:10:     layout_roguey, kennysheep_slug_shrine, kennysheep_generic_room_16
D:11:     layout_stronghold, serial_shops, shop, nemelex_spade_bored_becter
D:12:     lemuel_insect_pit, layout_loops_ring, gammafunk_ghost_hydra_chop,
          uniq_nergalle, uniq_fannar, uniq_erolcha
D:13:     layout_rooms, grunt_vaults_entry_fortified, minmay_diamond_spiral
D:14:     layout_cave_pools, fiery_altar_vehumet
D:15:     hangedman_depths_entry_try_elsewhere_first, layout_cave_pools,
          minivault_24
Lair:1:   layout_loops_ring, minmay_lair_oklob_items,
          infiniplex_staircase_pool_2
Lair:2:   layout_loops_ring, minmay_swamp_entry_worms,
          guppyfry_snake_entry_island
Lair:3:   layout_chaotic_city
Lair:4:   layout_long_grid, grunt_forest_small_clearings, lookout_lair_type,
          amcnicky_mini_pool_medium
Lair:5:   layout_small_grid, slime_altar_2
Lair:6:   minmay_lair_end_enchanted_forest, layout_gridlike, grunt_megastairs_1,
          uniq_kirke
Orc:1:    layout_caves, serial_shops, shop, basic_altar, uniq_urug
Orc:2:    st_orc_open, layout_diamond_mine

Skill      XL: |  1  2  3  4  5  6  7  8  9 10 11 12 13 14 15 |
---------------+----------------------------------------------+-----
Armour         | 2 3 4 5 6 7 8 9 10 11 | 11.5
Axes           | 3 4 5 6 |  6.8
Dodging        | 2 3 4 5 |  5.6
Stealth        | 1 2 |  2.9
Fighting       | 4 5 6 7 8 9 10 12 | 12.8
Polearms       | 3 5 7 8 9 10 11 12 | 12.2
Shields        | 1 2 3 4 5 6 7 |  7.3
Evocations     | 1 3 5 6 7 9 10 | 10.8
Invocations    | 4 7 8 10 | 10.0
Long Blades    | 2 3 |  3.0

Action                   |  1- 3 |  4- 6 |  7- 9 | 10-12 | 13-15 || total
-------------------------+-------+-------+-------+-------+-------++-------
Melee: Hand axe          |    90 |    48 |       |       |       ||   138
       Headbutt          |     6 |    10 |    25 |    93 |   280 ||   414
       Punch             |     2 |       |     1 |       |       ||     3
       Spear             |       |     3 |   182 |   439 |  1190 ||  1814
       Scimitar          |       |       |       |    49 |       ||    49
Invok: Berserk           |       |     1 |     3 |    15 |    16 ||    35
       Trog's Hand       |       |       |     2 |     2 |     4 ||     8
       Brothers in Arms  |       |       |       |     2 |     3 ||     5
  Use: Scroll            |       |       |     7 |    12 |    16 ||    35
       Potion            |       |       |       |       |     1 ||     1
 Stab: Sleeping          |     1 |       |       |       |       ||     1
       Distracted        |       |       |       |       |     1 ||     1
Armor: Animal skin       |     8 |       |       |       |       ||     8
       Chain mail        |    24 |    23 |    88 |   160 |       ||   295
       Storm dragon scal |       |       |       |       |   399 ||   399
       Plate armour      |       |       |       |       |     8 ||     8
Dodge: Dodged            |    44 |    19 |    44 |   109 |   286 ||   502
Block: Kite shield       |       |       |    40 |   117 |   362 ||   519
